Map: Lost and Found LE

Players

Dolan

  • Race: Terran Terran
  • Spawn Location: 1:00

Clem - Winner!

  • Race: Terran Terran
  • Spawn Location: 7:00

Event: WCS Montreal 2018

VOD

Have the link to the VOD?

Description

Time

  • Played on: Sept. 7, 2018, 3:28 p.m.
  • Length: 8:28

All games in this series

Show
View Real Time Build Order
Export as new Build Order

Dolan Terran 

Build Orders: Gas First Reaper Expand, Reaper Expand 

Get SALT Encoding   

  12  0:00  SCV  
  13  0:12  SCV  
  14  0:17  Supply Depot  
  14  0:25  SCV  
  14  0:27  Refinery  
  15  0:38  SCV  
  16  0:43  Barracks  
  16  0:50  SCV  
  17  1:02  SCV  
  18  1:15  SCV  
  19  1:30  Orbital Command  
  19  1:31  Reaper  
  20  1:43  Command Center  
  20  1:56  SCV  
  20  1:58  Factory  
  21  2:04  Barracks Reactor  
  21  2:08  SCV  
  22  2:11  Supply Depot  
  22  2:20  SCV, Refinery  
  23  2:33  SCV  
  24  2:41  Marine x2  
  24  2:42  Hellion, Starport  
  28  2:45  SCV  
  29  2:55  Orbital Command  
  29  2:58  SCV  
  30  3:01  Marine  
  30  3:02  Marine  
  32  3:09  Factory Tech Lab  
  32  3:10  SCV  
  33  3:19  Cyclone  
  35  3:20  Marine x2  
  35  3:22  Starport Tech Lab  
  32  3:35  SCV x2  
  32  3:37  Refinery  
  33  3:45  Raven  
  37  3:55  SCV x2  
  37  4:10  SCV x2  
  37  4:12  Cyclone  
  42  4:23  Supply Depot  
  42  4:24  SCV x2  
  42  4:28  Viking  
  46  4:38  SCV  
  46  4:41  Barracks Reactor  
  46  4:42  Factory  
  46  4:44  SCV  
  46  4:45  Hellion, Supply Depot  
  49  4:48  Cyclone  
  52  4:55  SCV  
  52  4:56  SCV  
  52  4:58  Supply Depot  
  54  5:05  Supply Depot  
  54  5:07  Medivac, SCV, Hellion  
  54  5:09  SCV  
  60  5:19  SCV  
  60  5:21  SCV, Supply Depot  
  65  5:28  Cyclone  
  65  5:29  Cyclone, Supply Depot  
  65  5:31  SCV  
  65  5:33  SCV  
  70  5:38  Supply Depot  
  70  5:41  Medivac  
  72  5:43  SCV  
  72  5:45  SCV, Supply Depot  
  72  5:48  Hellion x2  
  78  5:55  SCV  
  73  5:57  SCV  
  70  6:08  SCV  
  70  6:09  SCV  
  62  6:13  Hellion x4  
  62  6:17  Medivac  
  67  6:20  Armory  
  56  6:34  Hellion x3  
  56  6:38  SCV x2  
  61  6:47  Medivac  
  61  6:50  Hellion  
  65  7:00  Hellion x2  
  69  7:04  Cyclone  
  72  7:12  SCV x2, Hellion  
  76  7:21  Hellion  
  78  7:24  SCV x2  
  66  7:55  Cyclone, Hellion x2  
  66  7:58  Hellion  
Show
View Real Time Build Order
Export as new Build Order

Clem Terran - Winner!

Build Orders: Cyclone Opening 

Get SALT Encoding   

  12  0:00  SCV  
  13  0:12  SCV  
  14  0:16  Supply Depot  
  14  0:24  SCV  
  15  0:29  Refinery  
  15  0:38  SCV  
  16  0:44  Barracks  
  16  0:50  SCV  
  17  0:59  Refinery  
  17  1:03  SCV  
  18  1:15  SCV  
  19  1:30  Orbital Command  
  19  1:31  Factory  
  19  1:37  Reaper  
  20  1:41  Supply Depot  
  20  1:56  SCV  
  21  2:08  SCV  
  22  2:09  Reaper  
  22  2:15  Cyclone  
  26  2:20  SCV  
  27  2:30  Command Center  
  27  2:33  SCV  
  28  2:38  Supply Depot  
  28  2:41  Barracks Reactor  
  28  2:46  SCV  
  29  2:58  SCV  
  29  2:59  Cyclone  
  33  3:11  SCV  
  33  3:23  SCV  
  34  3:35  SCV  
  34  3:39  Cyclone  
  38  3:42  Cyclone  
  38  3:44  Orbital Command  
  38  3:47  SCV  
  42  3:50  Barracks Tech Lab, Starport  
  42  3:57  Supply Depot  
  42  3:59  SCV  
  42  4:11  SCV  
  42  4:12  SCV  
  44  4:18  Liberator  
  44  4:23  Command Center, SCV  
  45  4:25  SCV  
  45  4:27  Siege Tank, Marine x2  
  51  4:38  Supply Depot  
  54  4:39  SCV x2  
  54  4:40  Engineering Bay  
  54  4:45  Marine x2  
  57  4:51  SCV x2  
  60  4:53  Supply Depot  
  60  4:57  Engineering Bay  
  60  4:59  Refinery  
  60  5:02  Refinery  
  60  5:06  Siege Tank  
  63  5:09  SCV  
  63  5:12  SCV, Marine  
  68  5:30  Supply Depot  
  68  5:31  SCV x2, Marine  
  68  5:32  Marine  
  70  5:37  Barracks  
  70  5:38  Barracks  
  70  5:40  Starport Tech Lab  
  70  5:45  Siege Tank  
  73  5:51  SCV  
  73  5:54  Marine x2  
  76  5:57  SCV  
  76  6:01  SCV  
  76  6:04  SCV  
  76  6:09  SCV  
  72  6:11  Marine  
  72  6:13  Orbital Command  
  72  6:18  Terran Infantry Armor Level 1, Terran Infantry Weapons Level 1, Marine  
  73  6:19  SCV  
  73  6:20  Starport Reactor  
  72  6:29  SCV  
  72  6:31  Siege Tank  
  69  6:35  Orbital Command  
  62  6:41  Barracks Reactor, Barracks x2  
  62  6:43  Marine  
  63  6:47  Marine x2  
  63  6:49  SCV  
  63  6:52  SCV, Armory  
  67  7:00  Marine  
  68  7:03  SCV  
  68  7:04  SCV, Supply Depot  
  68  7:05  Marine  
  68  7:06  Marauder  
  68  7:07  Siege Tank  
  75  7:12  Medivac x2  
  79  7:15  SCV  
  79  7:16  SCV x2  
  79  7:18  Marine x3  
  79  7:22  Bunker  
  85  7:23  Marine  
  86  7:30  Bunker, SCV  
  86  7:31  SCV x2  
  86  7:34  Barracks Reactor, Barracks Tech Lab, Marine  
  86  7:36  Marine x3  
  93  7:41  Marine  
  93  7:42  Medivac  
  93  7:43  Siege Tank  
  98  7:46  SCV  
  82  7:52  Marine x2  
  82  7:54  Marine x3  
  72  7:59  SCV  
  72  8:01  Marine  
  64  8:08  SCV  
  64  8:09  Marine  
  67  8:15  SCV  
Tags
 
Add a new tag
Caveats
  • Supply blocks, unpowered buildings, or Contaminate may cause inaccurate times.
  • Supply counts are checked every 10 seconds.